Map: Frost LE

Players

SUPERNOVA - Winner!

  • Race: Terran Terran

blackxored

  • Race: Zerg Zerg
  • League: Diamond

VOD

Have the link to the VOD?

Description

Time

  • Played on: July 2, 2016, 1:26 a.m.
  • Length: 10:11
Show
View Real Time Build Order
Export as new Build Order

SUPERNOVA Terran - Winner!

Build Orders: MMM Bio 

Get SALT Encoding   

  12  0:01  SCV  
  13  0:13  SCV  
  14  0:17  Supply Depot  
  14  0:25  SCV  
  15  0:39  SCV  
  15  0:40  Barracks  
  16  0:50  Refinery  
  16  0:51  SCV  
  17  1:03  SCV  
  18  1:07  Supply Depot  
  18  1:15  SCV  
  19  1:27  Orbital Command  
  19  1:30  Marine  
  20  1:56  SCV  
  21  2:11  Command Center  
  22  2:15  SCV  
  22  2:19  Factory  
  22  2:27  Barracks Reactor  
  22  2:30  SCV  
  22  2:36  Barracks  
  23  2:38  Barracks  
  23  2:39  Refinery  
  23  2:42  SCV  
  24  2:54  SCV  
  25  3:03  Engineering Bay  
  25  3:06  SCV  
  26  3:14  Factory Tech Lab  
  26  3:18  SCV  
  27  3:20  Marine x2  
  29  3:44  Barracks Tech Lab x2  
  29  3:45  Siege Tank  
  29  3:47  Barracks  
  32  3:50  Barracks, SCV  
  32  3:54  Planetary Fortress  
  34  4:02  SCV  
  34  4:08  Stimpack  
  34  4:15  SCV  
  35  4:24  Combat Shields  
  35  4:27  SCV  
  36  4:35  SCV  
  37  4:39  SCV  
  37  4:42  Supply Depot  
  37  4:43  Supply Depot  
  38  4:45  Supply Depot  
  38  4:46  Barracks Reactor  
  38  4:48  Barracks Reactor  
  38  4:55  SCV x2  
  38  4:58  Refinery  
  38  4:59  Refinery  
  40  5:02  Terran Infantry Weapons Level 1  
  40  5:03  Marine x2  
  40  5:04  Marine x2  
  44  5:11  SCV x2  
  46  5:21  Marine x2  
  46  5:24  Missile Turret  
  46  5:25  Starport  
  48  5:31  SCV  
  48  5:33  SCV, Missile Turret  
  48  5:35  Missile Turret  
  50  5:36  Missile Turret  
  50  5:39  Missile Turret  
  50  5:44  Missile Turret  
  50  5:45  SCV  
  50  5:47  SCV  
  52  5:50  Concussive Shells  
  52  5:57  Siege Tank  
  52  5:59  SCV x2  
  52  6:02  Starport Reactor  
  57  6:04  Marine  
  57  6:06  Marine  
  57  6:07  Marine  
  61  6:11  SCV x2  
  62  6:28  Marine  
  62  6:29  Marine x2, Marauder x2  
  62  6:30  Marine  
  70  6:41  Supply Depot  
  70  6:42  Supply Depot  
  70  6:44  Supply Depot  
  70  6:54  Armory  
  70  6:56  Terran Infantry Armor Level 1  
  70  7:00  Engineering Bay  
  70  7:03  Marine x2, Medivac, Siege Tank  
  70  7:04  Medivac  
  70  7:05  Marine x2  
  70  7:06  Marine, Marauder  
  84  7:13  Supply Depot  
  84  7:15  SCV x2  
  86  7:27  Supply Depot, SCV x2  
  86  7:28  Supply Depot  
  88  7:33  Medivac x2  
  92  7:38  Marine x3, Marauder  
  92  7:40  Marine  
  98  7:44  Siege Tank  
  101  7:58  Supply Depot x2  
  101  8:01  Supply Depot  
  101  8:03  Marine  
  101  8:04  Marine x3  
  105  8:05  Marine  
  106  8:21  Marine x3  
  106  8:22  Marine, Marauder  
  106  8:25  Marine x3  
  115  8:39  Marine x3, Marauder  
  120  8:43  Marauder  
  122  8:50  Marine  
  122  8:51  Marine x2  
  125  8:56  Supply Depot  
  125  8:57  Marine x3  
  125  9:01  Marauder  
  130  9:04  Marauder  
  129  9:19  Marine x3  
  129  9:20  Marine x3  
  129  9:22  Marauder  
  132  9:26  Marauder  
  131  9:37  Marine  
  88  9:48  Marine  
  88  9:49  Marine x4, Marauder x2  
Show
View Real Time Build Order
Export as new Build Order

blackxored Zerg 

Build Orders: Hatch First, Zergling Baneling 

Get SALT Encoding   

  12  0:02  Drone  
  13  0:08  Drone  
  14  0:19  Overlord  
  14  0:23  Extractor  
  14  0:24  Drone  
  15  0:40  Drone x2  
  17  0:55  Hatchery  
  16  0:58  Drone  
  16  1:01  Drone  
  18  1:13  Extractor  
  18  1:17  Spawning Pool  
  16  1:20  Drone  
  16  1:25  Drone  
  18  1:28  Drone  
  19  1:39  Overlord  
  19  1:49  Drone  
  20  2:07  Zergling x4  
  20  2:08  Queen  
  24  2:09  Queen  
  24  2:13  Metabolic Boost  
  26  2:17  Zergling x2  
  27  2:33  Drone  
  27  2:34  Drone  
  29  2:48  Hatchery  
  29  2:50  Pneumatized Carapace  
  28  2:58  Drone  
  28  2:59  Drone x2  
  28  3:02  Drone  
  28  3:04  Drone  
  33  3:07  Drone  
  34  3:40  Drone x2  
  35  3:42  Overlord x3  
  35  4:10  Drone  
  35  4:11  Baneling Nest  
  35  4:12  Zergling x14  
  35  4:13  Queen  
  35  4:15  Queen  
  46  4:17  Queen  
  46  4:20  Drone  
  46  4:22  Zergling x2  
  50  4:28  Zergling x6  
  50  4:29  Zergling x4  
  50  4:30  Zergling x2  
  56  4:34  Spine Crawler  
  55  4:42  Zergling x4  
  55  4:43  Overlord x2  
  57  4:56  Baneling x8  
  57  4:57  Baneling  
  57  4:58  Baneling  
  57  5:01  Queen  
  57  5:05  Zergling x6  
  57  5:06  Zergling x2  
  63  5:25  Zergling x18  
  72  5:30  Drone  
  72  5:31  Overlord  
  73  6:00  Drone x5  
  73  6:01  Drone x4  
  82  6:04  Lair  
  82  6:16  Extractor  
  82  6:17  Extractor  
  80  6:19  Drone  
  81  6:26  Overlord x3, Extractor x2  
  81  6:27  Overlord  
  81  6:30  Extractor  
  81  6:31  Evolution Chamber  
  77  6:33  Evolution Chamber  
  76  6:53  Drone x12  
  88  6:56  Drone x2  
  88  6:58  Drone  
  88  7:00  Drone x3  
  94  7:10  Drone  
  94  7:11  Drone x2  
  94  7:12  Drone x3  
  100  7:26  Centrifical Hooks  
  100  7:27  Spire, Drone x2  
  101  7:32  Drone  
  101  7:33  Drone x2  
  101  7:34  Drone  
  101  7:36  Drone  
  106  7:41  Overlord x2  
  106  7:47  Hatchery  
  105  7:59  Queen  
  105  8:03  Drone x3  
  105  8:04  Drone x2  
  105  8:05  Zergling x2, Drone  
  113  8:06  Zergling x4  
  113  8:10  Zerg Melee Weapons Level 1, Zerg Ground Armor Level 1  
  113  8:12  Drone  
  117  8:13  Infestation Pit  
  117  8:14  Overseer  
  117  8:16  Overseer  
  117  8:17  Overseer  
  115  8:49  Zergling x2  
  115  8:50  Zergling x12  
  115  8:55  Overlord x4  
  122  8:57  Hive  
  122  9:01  Baneling  
  122  9:02  Baneling x16  
  122  9:03  Baneling x3  
  122  9:10  Extractor  
  122  9:11  Extractor  
  106  9:18  Zergling x2  
  106  9:19  Zergling x10  
  101  9:35  Zergling x16  
  106  9:44  Zergling x6  
Tags
 
Add a new tag
Caveats
  • Supply blocks, unpowered buildings, or Contaminate may cause inaccurate times.
  • Supply counts are checked every 10 seconds.